 Dungeon Crawl Stone Soup version 0.28.0 (webtiles) character file.

Game seed: 6744209963090400408

74 croobank the Digger (level 4, -1/30 HPs)
             Began as a Human Earth Elementalist on Feb 18, 2022.
             Slain by a water moccasin (2 damage)
             ... on level 3 of the Dungeon.
             The game lasted 00:11:01 (2967 turns).

croobank the Digger (Human Earth Elementalist)      Turns: 2967, Time: 00:11:01

Health: -1/30      AC:  3    Str:  9    XL:     4   Next: 54%
Magic:  7/7        EV: 12    Int: 17    God:
Gold:   90         SH:  0    Dex: 13    Spells: 1/8 levels left

rFire   . . .      SeeInvis .   a - +0 dagger
rCold   . . .      Faith    .   (no shield)
rNeg    . . .      Spirit   .   b - +0 robe
rPois   .          Reflect  .   (no helmet)
rElec   .          Harm     .   i - +0 cloak
rCorr   .          Rampage  .   (no gloves)
Will    .....                   (no boots)
Stlth   ++........              (no amulet)
HPRegen 0.10/turn               (no ring)
MPRegen 0.10/turn               (no ring)

@: about to teleport
A: no striking features
a: no special abilities


You were on level 3 of the Dungeon.
You visited 1 branch of the dungeon, and saw 3 of its levels.

You collected 90 gold pieces.

Inventory:

Hand Weapons
 a - a +0 dagger (weapon)
Missiles
 c - 58 stones
Armour
 b - a +0 robe (worn)
 i - a +0 cloak (worn)
Scrolls
 d - a scroll of noise
Potions
 h - a potion of curing {unknown}


   Skills:
 + Level 2.5 Dodging
 + Level 2.7 Stealth
 + Level 2.5 Spellcasting
 + Level 1.9 Transmutations
 + Level 3.5 Earth Magic


You had one spell level left.
You knew the following spells:

 Your Spells              Type           Power      Damage    Failure   Level
a - Sandblast             Erth           28%        2d8       4%          1
b - Passwall              Tmut/Erth      9%         N/A       9%          2
c - Stone Arrow           Conj/Erth      16%        3d8       26%         3
d - Slow                  Hex            8%         N/A       19%         1

Your spell library contained the following spells:

 Spells                   Type           Power      Damage    Failure   Level
 Confusing Touch          Hex            2%         N/A       50%         3
 Vampiric Draining        Necr           2%         2d6       50%         3
 Petrify                  Tmut/Erth      11%        N/A       52%         4
 Yara's Violent Unravell  Hex/Tmut       2%         3d3       98%         5
 Enfeeble                 Hex            1%         N/A       100%        7


Dungeon Overview and Level Annotations

Branches:
Dungeon (3/15)

Altars:


Message History

Confirm with . or Enter, or press ? or * to list all spells.
You don't know that spell.
Okay, then.
Casting: Slow (safe; 19% risk of failure)
Confirm with . or Enter, or press ? or * to list all spells.
Aiming: Slow (safe; 19% risk of failure)
Press: ? - help, Shift-Dir - straight line, f/p - water moccasin
Aim: a water moccasin (chance to affect: 36%)
The water moccasin easily resists.
The water moccasin bites you.
Okay, then.
Okay, then.
You closely miss the water moccasin.
The water moccasin closely misses you. x2
You hit the water moccasin.
The water moccasin is lightly wounded.
The water moccasin bites you.
You closely miss the water moccasin.
The water moccasin is lightly wounded.
The water moccasin barely misses you. x2
You hit the water moccasin but do no damage.
The water moccasin is lightly wounded.
The water moccasin bites you but does no damage.
You closely miss the water moccasin.
The water moccasin is lightly wounded.
The water moccasin bites you.
* * * LOW HITPOINT WARNING * * *
Okay, then.
An adder zombie comes into view.
Found a scroll labelled TIASCH AMIPUTU.
The water moccasin completely misses you.
As you read the scroll of teleportation, it crumbles to dust.
You feel strangely unstable.
The water moccasin bites you but does no damage.
The water moccasin zombie bites you.
* * * LOW HITPOINT WARNING * * *
The water moccasin closely misses you. The water moccasin zombie bites you.
* * * LOW HITPOINT WARNING * * *
It was a potion of magic.
Magic courses through your body. The water moccasin bites you.
You die...

#<. .#.# #..### .....
##..... ###.....
..##.....## ###... ..?
#.#.......## ##.#.# ....
#..........####..).#....Z
...........'....Z.........
#..........####.SZ...###..
# #.......## ##@#..##
##.....## ###..# ##...##
#.... ##'## ##.### #.# .#
#.# .# ##.## .# ##...##
#.....#


You could see a water moccasin, a water moccasin zombie and a quokka skeleton.

Vanquished Creatures
  A hound skeleton (D:3)
  2 adders (D:2)
  A dart slug (D:2)
  3 ball pythons
  3 bats
  4 endoplasms
  3 giant cockroaches (D:1)
  3 goblins
  2 hobgoblins (D:1)
  9 kobolds
  2 quokkas
  A frilled lizard (D:1)
  5 rats
39 creatures vanquished.

Notes
Turn   | Place    | Note
-------+----------+-------------------------------------------
     0 | D:1      | croobank the Human Earth Elementalist began the quest for
                  | the Orb.
     0 | D:1      | Reached XP level 1. HP: 13/13 MP: 3/3
   457 | D:1      | Reached XP level 2. HP: 19/19 MP: 3/5
   460 | D:1      | Learned a level 2 spell: Passwall
   905 | D:1      | Reached XP level 3. HP: 24/24 MP: 1/6
  1213 | D:1      | Found a faded altar of an unknown god.
  1318 | D:2      | Learned a level 3 spell: Stone Arrow
  1386 | D:2      | HP: 1/24 [poisoned by an adder]
  2335 | D:2      | Reached XP level 4. HP: 21/30 MP: 4/7
  2345 | D:2      | Learned a level 1 spell: Slow
  2839 | D:3      | Noticed a water moccasin
  2966 | D:3      | HP: 1/30 [water moccasin zombie (6)]
  2967 | D:3      | Slain by a water moccasin

Illustrated notes

Levels and vault maps discovered:
D:1:      matt_arrival_grand_opening, layout_basic,
          hellmonk_ecumenical_altar_pennies_from_heaven
D:2:      layout_loops_corners, kennysheep_boxes
D:3:      layout_loops_corners, serial_undead, serial_undead_c, serial_undead_a,
          serial_undead_a, serial_undead_f, chequers_serial_rivers_micro_b

Action                   |  1- 3 |  4- 6 || total
-------------------------+-------+-------++-------
Melee: Unarmed           |    26 |       ||    26
       Dagger            |    39 |    41 ||    80
 Cast: Sandblast         |    48 |     6 ||    54
       Slow              |       |     9 ||     9
  Use: Scroll            |       |     4 ||     4
       Potion            |       |     1 ||     1
 Stab: Sleeping          |       |     1 ||     1
Armor: Robe              |    20 |     8 ||    28
Dodge: Dodged            |    59 |    29 ||    88
